 Dungeon Crawl Stone Soup version 0.31-a0-187-gba352fbbf7 (webtiles) character file.

Game seed: 8398802499749582935

338 qw the Skirmisher (level 6, -2/35 HPs)
             Began as a Deep Elf Hunter on June 22, 2023.
             Was an Initiate of Okawaru.
             Slain by a gnoll
             ... wielding a +0 halberd
              (9 damage)
             ... on level 5 of the Dungeon.
             The game lasted 00:01:11 (3139 turns).

qw the Skirmisher (Deep Elf Hunter)                 Turns: 3139, Time: 00:01:12

Health: -2/35      AC:  7    Str: 14    XL:     6   Next: 29%
Magic:  8/8        EV: 17    Int: 19    God:    Okawaru [......]
Gold:   155        SH:  0    Dex: 18    Spells: 5/5 levels left

rFire   . . .        e - +0 shortbow (heavy)
rCold   + . .        (shield currently unavailable)
rNeg    + . .        f - +1 ring mail {rC+}
rPois   .            (no helmet)
rElec   .            (no cloak)
rCorr   .            d - +0 pair of gloves
SInv    .            (no boots)
Will    .....        (no amulet)
Stlth   +            b - ring "Jielonar" {*Slow rN+ EV+5 Str+4 Int+5}
HPRegen 0.25/turn    (no ring)
MPRegen 0.11/turn

%: slow self (1%)
@: no status effects
A: no striking features
a: Renounce Religion


You were on level 5 of the Dungeon.
You worshipped Okawaru.
Okawaru was noncommittal.
You visited 1 branch of the dungeon, and saw 5 of its levels.

You collected 255 gold pieces.
You spent 100 gold pieces at shops.


   Skills:
 - Level 2.1 Fighting
 + Level 9.5 Ranged Weapons
 - Level 3.1 Dodging
 - Level 1.2 Stealth


You had 5 spell levels left.
You didn't know any spells.
Your spell library was empty.

Inventory:

Hand Weapons
 e - a +0 heavy shortbow (weapon)
Armour
 d - a +0 pair of gloves (worn)
 f - a +1 ring mail of cold resistance (worn)
Jewellery
 b - the ring "Jielonar" (left hand) {*Slow rN+ EV+5 Str+4 Int+5}
   (You acquired it on level 2 of the Dungeon)

   [ring of evasion]

   EV:        It affects your evasion (+5).
   Str:       It affects your strength (+4).
   Int:       It affects your intelligence (+5).
   rN:        It protects you from negative energy.
   *Slow:     It may slow you when you take damage.
Scrolls
 a - 2 scrolls of identify
Potions
 i - a potion of haste
 o - a potion of curing

Dungeon Overview and Level Annotations

Branches:
Dungeon (5/15)             Temple (0/1) D:4

Altars:
Elyvilon
Hepliaklqana
Nemelex Xobeh
Okawaru
Trog
Wu Jian

Shops:
D:2 !   D:3 =[   D:4 =

Annotations:
D:4 1 runed translucent door, Crazy Yiuf


Message History

The orc priest invokes the aid of Beogh against you.
Beogh smites you! The orc hits you with a +0 flail.
You shoot an arrow. The arrow hits the orc!
You kill the orc!
Okawaru accepts your kill.
You shoot an arrow. The arrow hits the orc!
You kill the orc!
Okawaru accepts your kill. The gnoll misses you. The gnoll closely misses you.
The orc priest looks encouraged for a moment.
You shoot an arrow. The arrow hits the gnoll!
The gnoll is severely wounded.
The gnoll hits you but does no damage. The gnoll barely misses you.
You shoot an arrow. The arrow hits the gnoll!
You kill the gnoll!
Okawaru accepts your kill. The gnoll completely misses you.
The orc priest hits you with a +2 hand axe of freezing.
The gnoll barely misses you.
You shoot an arrow. The arrow hits the orc priest.
The orc priest is moderately wounded.
The gnoll barely misses you.
The orc priest invokes the aid of Beogh against you.
Pain shoots through your body!
You shoot an arrow. The arrow hits the orc priest!
The orc priest is almost dead.
The gnoll completely misses you.
The orc priest hits you but does no damage.
The gnoll misses you. The orc priest misses you.
You shoot an arrow.
The arrow hits the orc priest but does no damage.
The orc priest is severely wounded.
The gnoll closely misses you.
The orc priest begins to cast a cantrip, but forgets the words!
The orc priest invokes the aid of Beogh against you.
Beogh smites you!
You shoot an arrow. The arrow hits the orc priest.
The orc priest is almost dead.
The gnoll hits you from afar with a +0 halberd!
You die... ..#.#...## .......?## ........ ......#### .# ).... ..##.# go.

#:##.# #o# #.##.#
#######@####.##.#######
#.........##.#.........
#.#####.........##.....
###.##.(.....##
#.#####.....##
##.####.......#
.......<........
##.####.......## #.#
##.....##


You could see 2 orc priests and a gnoll.

Vanquished Creatures
  An ogre (D:4)
  A hound (D:5)
  An orc priest (D:4)
  Ijyb (D:4)
  2 gnolls (D:5)
  4 adders
  A worm (D:2)
  3 dart slugs
  7 orcs
  4 ball pythons
  14 endoplasms
  5 giant cockroaches
  9 hobgoblins
  8 jackals (D:2)
  5 kobolds
  3 quokkas
  7 bats
  3 frilled lizards
  11 goblins
  6 rats
96 creatures vanquished.

Notes
Turn   | Place    | Note
-------+----------+-------------------------------------------
     0 | D:1      | qw the Deep Elf Hunter began the quest for the Orb.
     0 | D:1      | Reached XP level 1. HP: 12/12 MP: 3/3
     0 | D:1      | 0 ||| qw: Version: 0.3-a-9-g12657ce
     0 | D:1      | 0 ||| qw: Game counter: 2242
     0 | D:1      | 0 ||| qw: Always use a shield: true
     0 | D:1      | 0 ||| qw: God list: Okawaru
     0 | D:1      | 0 ||| qw: Allow faded altars: false
     0 | D:1      | 0 ||| qw: Do Orc after D:15 true
     0 | D:1      | 0 ||| qw: Do second Lair branch before Depths: true
     0 | D:1      | 0 ||| qw: Lair rune preference: random
     0 | D:1      | 0 ||| qw: Plans: Normal
     0 | D:1      | 0 ||| PLANNING D:1-11
    63 | D:1      | Reached XP level 2. HP: 16/16 MP: 4/4
    67 | D:1      | Reached skill level 6 in Ranged Weapons
   532 | D:1      | Reached XP level 3. HP: 20/20 MP: 5/5
   760 | D:1      | 760 ||| UPGRADING to +0 scale mail.
   770 | D:1      | 770 ||| DROPPING +0 leather armour.
   771 | D:1      | 771 ||| UPGRADING to +0 ring mail.
   781 | D:1      | 781 ||| DROPPING +0 scale mail.
   782 | D:1      | 782 ||| UPGRADING to amulet of guardian spirit.
   787 | D:1      | 787 ||| READING scroll labelled SUAMOE CUSHRAD.
   788 | D:1      | 788 ||| READING scroll labelled DEUDIT LAUCH.
   789 | D:1      | 789 ||| READING scroll labelled QEASEM NUHU.
   790 | D:1      | 790 ||| READING 2 scrolls labelled HAILAAMMECK.
   791 | D:1      | 791 ||| READING scroll labelled COUMEU XESEPIMP.
   792 | D:1      | 792 ||| DROPPING scroll of butterflies.
   793 | D:1      | 793 ||| DROPPING scroll of amnesia.
   867 | D:2      | Reached skill level 7 in Ranged Weapons
  1041 | D:2      | HP: 5/20 [worm (5)]
  1189 | D:2      | Reached XP level 4. HP: 25/25 MP: 6/6
  1217 | D:2      | Found Liowkoas's Distillery.
  1229 | D:2      | 1229 ||| SHOPLISTING potion of haste (110 gold, have 103).
  1229 | D:2      | 1229 ||| BUYING potion of heal wounds (55 gold).
  1229 | D:2      | Bought a potion of heal wounds for 55 gold pieces
  1229 | D:2      | 1229 ||| SHOPLISTING potion of resistance (110 gold, have
                  | 48).
  1305 | D:2      | Found a faded altar of an unknown god.
  1527 | D:2      | 1527 ||| DROPPING scarf of harm.
  1528 | D:2      | 1528 ||| READING scroll labelled UMNOVO FEJUJIH.
  1528 | D:2      | Identified a scroll of acquirement
  1528 | D:2      | 1528 ||| ACQUIRING ring "Jielonar" {*Slow rN+ EV+5 Str+4
                  | Int+5}
  1528 | D:2      | Acquired the ring "Jielonar" {*Slow rN+ EV+5 Str+4 Int+5}
  1530 | D:2      | 1530 ||| UPGRADING to ring "Jielonar" {*Slow rN+ EV+5 Str+4
                  | Int+5}.
  1531 | D:2      | 1531 ||| READING scroll labelled SUEQOI INNOILA.
  1532 | D:2      | 1532 ||| DRINKING 3 black potions.
  1637 | D:2      | 1637 ||| READING 2 scrolls of identify.
  1637 | D:2      | 1637 ||| IDENTIFYING green potion
  1638 | D:2      | 1638 ||| DROPPING potion of attraction.
  1639 | D:2      | 1639 ||| DROPPING 2 potions of berserk rage.
  1745 | D:3      | Reached skill level 8 in Ranged Weapons
  1748 | D:3      | 1748 ||| FLEEEEING.
  1749 | D:3      | 1749 ||| FLEEEEING.
  1893 | D:3      | Found Ulujalegh's Jewellery Emporium.
  1901 | D:3      | 1901 ||| SHOPLISTING +5 ring of evasion (504 gold, have
                  | 99).
  1901 | D:3      | 1901 ||| SHOPLISTING amulet of regeneration (420 gold, have
                  | 99).
  1901 | D:3      | 1901 ||| SHOPLISTING ring of ice (350 gold, have 99).
  1901 | D:3      | 1901 ||| SHOPLISTING ring of protection from cold (350
                  | gold, have 99).
  1901 | D:3      | 1901 ||| SHOPLISTING ring of protection from fire (350
                  | gold, have 99).
  1997 | D:3      | Found Vadafing's Armour Shoppe.
  2018 | D:3      | 2018 ||| BUYING +0 pair of gloves (45 gold).
  2018 | D:3      | Bought a +0 pair of gloves for 45 gold pieces
  2155 | D:3      | Found an iron altar of Okawaru.
  2156 | D:3      | 2156 ||| PLANNING OKAWARU WORSHIP
  2156 | D:3      | 2156 ||| UPGRADING to +0 pair of gloves.
  2161 | D:3      | 2161 ||| READING scroll labelled SARAQI VUTWINU.
  2162 | D:3      | 2162 ||| READING 6 scrolls of identify.
  2162 | D:3      | 2162 ||| IDENTIFYING cyan potion
  2163 | D:3      | 2163 ||| READING 5 scrolls of identify.
  2163 | D:3      | 2163 ||| IDENTIFYING smoky cyan potion
  2166 | D:3      | 2166 ||| READING 4 scrolls of identify.
  2166 | D:3      | 2166 ||| IDENTIFYING orange potion
  2167 | D:3      | 2167 ||| DROPPING potion of degeneration.
  2175 | D:3      | Became a worshipper of Warmaster Okawaru
  2176 | D:3      | 2176 ||| PLANNING D:1-11
  2176 | D:3      | 2176 ||| REMOVING amulet of guardian spirit.
  2281 | D:3      | Found a hazy altar of Hepliaklqana.
  2361 | D:3      | 2361 ||| DROPPING amulet of guardian spirit.
  2462 | D:4      | Noticed Ijyb
  2466 | D:4      | Killed Ijyb
  2467 | D:4      | Reached XP level 5. HP: 15/29 MP: 7/7
  2629 | D:4      | Noticed an ogre
  2635 | D:4      | HP: 5/29 [ogre/+0 giant spiked club (24)]
  2636 | D:4      | 2636 ||| DRINKING potion of heal wounds.
  2641 | D:4      | Killed an ogre
  2642 | D:4      | Reached skill level 9 in Ranged Weapons
  2652 | D:4      | Found Mauceqep's Jewellery Shoppe.
  2661 | D:4      | 2661 ||| SHOPLISTING +6 ring of dexterity (360 gold, have
                  | 140).
  2661 | D:4      | 2661 ||| SHOPLISTING ring of positive energy (200 gold,
                  | have 140).
  2661 | D:4      | 2661 ||| SHOPLISTING ring of protection from fire (250
                  | gold, have 140).
  2661 | D:4      | 2661 ||| SHOPLISTING ring of willpower (250 gold, have
                  | 140).
  2722 | D:4      | Reached XP level 6. HP: 22/35 MP: 8/8
  2788 | D:4      | Found a runed translucent door.
  2789 | D:4      | Noticed Crazy Yiuf
  2869 | D:4      | Found an ornate altar of the Wu Jian Council.
  2883 | D:4      | Found a bloodstained altar of Trog.
  2889 | D:4      | Found a staircase to the Ecumenical Temple.
  3013 | D:4      | Found a sparkling altar of Nemelex Xobeh.
  3027 | D:4      | Found a white marble altar of Elyvilon.
  3079 | D:4      | 3079 ||| UPGRADING to +1 ring mail of cold resistance.
  3089 | D:4      | 3089 ||| DROPPING +0 ring mail.
  3090 | D:4      | 3090 ||| READING scroll labelled HAEPSAA KITIL.
  3091 | D:4      | 3091 ||| READING scroll labelled VIGUSK CIMIGRI.
  3092 | D:4      | 3092 ||| READING 3 scrolls of identify.
  3092 | D:4      | 3092 ||| IDENTIFYING viscous orange potion
  3093 | D:4      | 3093 ||| DROPPING potion of lignification.
  3112 | D:5      | Entered Level 5 of the Dungeon
  3131 | D:5      | Reached skill level 3 in Dodging
  3138 | D:5      | HP: 7/35 [orc priest/divine providence (13)]
  3139 | D:5      | Slain by a gnoll

Levels and vault maps discovered:
D:1:      enne_arrival_octagon_isle, layout_basic, minmay_tromino_mix6
D:2:      layout_basic, serial_shops, nicolae_shop_industrial_runoff,
          ebering_ecumenical_altar_rust
D:3:      layout_basic, okawaru_ov_weapons_minmay,
          nicolae_hepliaklqana_hippocampus, serial_shops,
          nicolae_shop_tiny_waterfront, nicolae_shop_advertising_works
          [nicolae_subvault_shop_adworks], minmay_fractal_squares_5
D:4:      layout_basic, nicolae_overflow_quartered_altars, temple_doors_ab,
          serial_shops, shop, amethyst_killhole, kennysheep_generic_room_9,
          uniq_crazy_yiuf_cottage, uniq_ijyb
D:5:      layout_loops_ring

Skill      XL: |  1  2  3  4  5  6 |
---------------+-------------------+-----
Ranged Weapons | 6 7 8 9 |  9.5
Fighting       | 2 |  2.1
Dodging        | 3 |  3.1
Stealth        | |  1.2

Action                     |  1- 3 |  4- 6 || total
---------------------------+-------+-------++-------
   Fire: Shortbow          |   115 |   116 ||   231
    Use: Scroll            |     5 |    10 ||    15
         Potion            |       |     2 ||     2
 Armour: Leather armour    |     7 |       ||     7
         Ring mail         |     2 |    12 ||    14
  Dodge: Dodged            |    24 |    57 ||    81

Table legend:
 A = Non-vault XP
 B = Vault XP
 C = Vault XP percentage of total XP
 D = Non-vault monster count
 E = Vault monster count
 F = Vault count percentage of total count
                 A         B        C        D         E       F
            +---------+---------+-------+---------+---------+-------
      Total |     291 |     192 |  39.8 |      82 |      14 |  14.6
            +---------+---------+-------+---------+---------+-------
        D:1 |      45 |       4 |   8.2 |      25 |       2 |   7.4
        D:2 |      84 |       0 |   0.0 |      32 |       0 |   0.0
        D:3 |      19 |      32 |  62.7 |       5 |       9 |  64.3
        D:4 |      66 |     156 |  70.3 |      14 |       3 |  17.6
        D:5 |      77 |       0 |   0.0 |       6 |       0 |   0.0
            +---------+---------+-------+---------+---------+-------
